 Dungeon Crawl Stone Soup version 0.28.0-53-g5a82cb258f (webtiles) character file.

Game seed: 11354297061606326831

5 tizbic2 the Magician (level 1, 0/16 HPs)
             Began as a Djinni Necromancer on July 17, 2022.
             Slain by a goblin
             ... wielding a +0 dagger
              (3 damage)
             ... on level 1 of the Dungeon.
             The game lasted 00:00:48 (292 turns).

tizbic2 the Magician (Djinni Necromancer)            Turns: 292, Time: 00:00:49

Health: 0/16       AC:  2    Str:  7    XL:     1   Next: 88%
Gold:   11         EV: 12    Int: 16    God:
                   SH:  0    Dex: 13

rFire   + + .      SeeInvis .   a - +0 club
rCold   x . .      Faith    .   (no shield)
rNeg    . . .      Spirit   .   b - +0 robe
rPois   ∞          Reflect  .   (no helmet)
rElec   .          Harm     .   (no cloak)
rCorr   .          Rampage  .   (no gloves)
Will    .....                   (boots unavailable)
Stlth   ++........              (no amulet)
HPRegen 0.05/turn               (no ring)
MPRegen 0.00/turn               (no ring)

@: flying
A: sickness immunity, fire resistance 2, cold vulnerability 1, float, innate
caster, HP casting, extra vitality 1
a: no special abilities


You were on level 1 of the Dungeon.
You visited 1 branch of the dungeon, and saw 1 of its levels.

You collected 11 gold pieces.

Inventory:

Hand Weapons
 a - a +0 club (weapon)
Armour
 b - a +0 robe (worn)


   Skills:
 + Level 0.4 Fighting
 * Level 0.8 Armour
 - Level 2.1 Dodging
 - Level 1.5 Stealth
 + Level 3.3 Spellcasting


You couldn't memorise any spells.
You knew the following spells:

 Your Spells              Type           Power      Damage    Failure   Level
a - Pain                  Necr           52%        1d6       4%          1
b - Animate Skeleton      Necr           26%        N/A       4%          1
c - Vampiric Draining     Necr           13%        2d6       14%         3
d - Animate Dead          Necr           6%         N/A       43%         4
e - Agony                 Necr           13%        N/A       78%         5
Your spell library was empty.

Dungeon Overview and Level Annotations

Branches:
Dungeon (1/15)

Altars:


Innate Abilities, Weirdness & Mutations

You are immune to sickness and miasma.
You are immune to poison.
Your flesh is very heat resistant. (rF++)
You are vulnerable to cold. (rC-)
You float through the air rather than walking.
You learn spells naturally, not from books.
Your magical power is your life essence.
You have superior vitality. (+4 MHP)


Message History

Press: ? - help, Q - select action, (/) - cycle Shift-Dir - straight line, f - hobgoblin
Aim: a hobgoblin (asleep, chance to affect: 83%)
The hobgoblin writhes in agony.
Aiming: Pain (safe; 4% risk of failure)
Press: ? - help, Q - select action, (/) - cycle Shift-Dir - straight line, f/p - hobgoblin
Aim: a hobgoblin (severely wounded, chance to affect: 83%)
The hobgoblin writhes in agony.
You kill the hobgoblin!
You see here a hobgoblin corpse.
A goblin comes into view. It is wielding a +0 club.
The goblin shouts!
You hear a shout!
A goblin comes into view. It is wielding a +0 dagger.
There are monsters nearby!
You barely miss the goblin. You hit the goblin.
The goblin is heavily wounded.
The goblin hits you with a +0 club. The goblin barely misses you.
Aiming: Pain (safe; 4% risk of failure)
Press: ? - help, Q - select action, (/) - cycle Shift-Dir - straight line, f - goblin
Aim: a goblin, wielding a +0 club (heavily wounded, chance to affect: 83%)
The goblin writhes in agony.
You kill the goblin!
Things that are here:
a +0 club; a goblin corpse
a - a +0 club
a - a +0 club (weapon)
The goblin completely misses you.
You hit the goblin.
The goblin is heavily wounded.
The goblin hits you but does no damage.
You hit the goblin but do no damage.
The goblin is heavily wounded.
The goblin hits you with a +0 dagger.
You hit the goblin but do no damage.
The goblin is heavily wounded.
The goblin hits you with a +0 dagger.
* * * LOW HITPOINT WARNING * * *
The goblin hits you with a +0 dagger.
You die...

#.# ######.#
########....#.#
............÷.# #
##[##..#.# #.
#...##.#.# #..
#####†##...#.##...
#.†....##.........
#@####....###.##..
#g# ###### #.# #.#
#.# #.....# ..#
.g......# ###
#######.# #.. ###


You could see a goblin.

Vanquished Creatures
  A giant cockroach (D:1)
  A goblin (D:1)
  A hobgoblin (D:1)
  A quokka (D:1)
4 creatures vanquished.

Notes
Turn   | Place    | Note
-------+----------+-------------------------------------------
     0 | D:1      | tizbic2 the Djinni Necromancer began the quest for the Orb.
     0 | D:1      | Reached XP level 1. HP: 15/15 MP: 0/0
   292 | D:1      | Slain by a goblin

Illustrated notes

Levels and vault maps discovered:
D:1:      dpeg_arrival_tiny_c, layout_loops_ring, minmay_tetromino_s2

Action                   || total
-------------------------++-------
Melee: Club              ||     3
       Unarmed           ||     2
 Cast: Pain              ||     8
Armor: Robe              ||     1
Dodge: Dodged            ||     3
